AoeStats
← Abraham

Pilgrims

507646468Analyzed
2v2 RM · 12d ago on Sep 19, 2026· 46m 2s· 4 players
Game mode
Random Map
Map size
Medium (4 player)
Population
200
Speed
Normal
Resources
Standard
Victory
Conquest
Starting age
Dark Age
Ending age
Imperial Age
RankedLock teamsTeams togetherTeam positionsShared explorationLock speedFull tech treeHidden civsTurbo modeCheats
Victory
Defeat
🇲🇽 Huns · Mexico
1110
+12
🇨🇦 Hindustanis · Canada
1087
+13
🇮🇳 Burmese · India
1059
-13
🇦🇲 Berbers · Armenia
1003
-12
Abraham
4:57 Loom
12:54 Feudal Age
14:23 Town Watch
15:38 Wheelbarrow
20:50 Horse Collar
23:56 Castle Age
21:51 Double-Bit Axe
23:45 Gold Mining
25:55 Medium Warships
26:34 Heavy Plow
27:12 Husbandry
27:30 Bloodlines
30:39 Forging
31:40 Scale Barding Armor
34:38 Fletching
39:34 Imperial Age
38:36 Masonry
40:33 Bodkin Arrow
Kimster213
2:38 Loom
11:21 Feudal Age
11:53 Town Watch
15:53 Fishing Lines
18:56 Castle Age
17:24 Horse Collar
17:47 Scale Mail Armor
18:00 Forging
19:20 Fletching
19:57 Chain Mail Armor
19:59 Gillnets
21:14 Wheelbarrow
20:32 Fletching
21:55 Medium Warships
21:54 Squires
21:19 Pikeman
23:34 Gold Mining
23:47 Heavy Plow
24:04 Stone Mining
24:54 Fervor
25:08 Sanctity
25:49 Careening
26:24 Bodkin Arrow
30:58 Imperial Age
28:57 Hand Cart
28:33 Demolition Ship
31:22 Halberdier
31:50 Arson
34:11 Heavy Warships
34:55 Ballistics
34:25 Heated Shot
35:10 Plate Mail Armor
35:01 Town Patrol
36:31 Bodkin Arrow
37:01 Murder Holes
37:17 Masonry
38:09 Chemistry
40:16 Iron Casting
39:07 Man-at-Arms
39:33 Gambesons
40:21 Manipur Cavalry
41:21 Scale Barding Armor
42:17 Bloodlines
42:13 Husbandry
42:35 Light Cavalry
44:35 Chain Barding Armor
43:41 Hussar
46:42 Plate Barding Armor
bohsainn
3:00 Loom
12:40 Feudal Age
13:44 Fishing Lines
14:11 Double-Bit Axe
16:00 Wheelbarrow
17:57 Fletching
18:07 Padded Archer Armor
22:24 Castle Age
23:22 Medium Warships
23:03 Gillnets
23:13 Demolition Ship
24:53 Bodkin Arrow
26:29 Leather Archer Armor
26:29 Bow Saw
28:40 Ballistics
32:46 Imperial Age
31:27 Murder Holes
33:00 Heavy Camel Rider
33:51 Bloodlines
34:28 Heavy Warships
35:16 Chemistry
34:39 Imperial Camel Rider
35:20 Husbandry
35:54 Forging
35:49 Scale Barding Armor
38:00 Iron Casting
37:31 Scale Barding Armor
39:03 Hand Cart
38:33 Town Watch
41:12 Shatagni
41:33 Conscription
nazcas777
11:17 Feudal Age
15:57 Castle Age
16:15 Loom
17:33 Forging
17:29 Scale Barding Armor
19:44 Double-Bit Axe
20:50 Horse Collar
26:17 Iron Casting
27:51 Chain Barding Armor
28:44 Wheelbarrow
31:16 Fletching
31:39 Gold Mining
33:57 Ballistics
33:49 Bodkin Arrow
34:07 Masonry
34:17 Bow Saw
35:40 Hand Cart
42:39 Imperial Age
41:36 Gold Shaft Mining
41:07 Heavy Plow
44:37 Conscription
45:36 Chemistry
45:38 Blast Furnace
44:42 Bracer
44:06 Heavy Cavalry Archer
45:21 Parthian Tactics
Connection lost

Rejoining the realm…

Still unreachable

The connection could not be restored.

Session expired

The server has moved on; the page needs a fresh start.